 Seeded DCSS version 0.29-a0-284-gf9362112df (webtiles) character file.

Game seed: 10898707918651901846 (custom seed)

507 gzilladon the Cleaver (level 7, -8/82 (91) HPs)
             Began as a Hill Orc Monk on Apr 1, 2022.
             Mangled by Edmund
             ... wielding a +4 flail of draining
              (9 damage)
             ... on level 6 of the Dungeon.
             The game lasted 00:13:44 (5603 turns).

gzilladon the Cleaver (Hill Orc Monk)               Turns: 5603, Time: 00:13:45

HP:   -8/82 (91)    AC: 11    Str: 16    XL:     7   Next: 18%
MP:   7/7           EV:  8    Int: 10    God:
Gold: 231           SH:  0    Dex: 21    Spells: 6/6 levels left

rFire   + . .      SeeInvis .   y - +0 war axe
rCold   . . .      Faith    +   (no shield)
rNeg    . . .      Spirit   .   k - +0 chain mail
rPois   .          Reflect  .   w - +0 helmet
rElec   +          Harm     .   (no cloak)
rCorr   .          Rampage  .   o - +0 pair of gloves
Will    .....      Clarity  +   (no boots)
Stlth   ..........              j - amulet of faith
HPRegen 0.23/turn               e - +6 ring of dexterity
MPRegen 0.10/turn               t - ring of protection from fire

@: mighty, berserking, attractive, drained, very quick
A: agile 1, clarity, electricity resistance
a: no special abilities


You were on level 6 of the Dungeon.
You visited 1 branch of the dungeon, and saw 5 of its levels.

You collected 231 gold pieces.

Inventory:

Hand Weapons
 a - a +0 hand axe
 y - a +0 war axe (weapon)
Missiles
 s - 65 stones (quivered)
Armour
 b - a +0 robe
 k - a +0 chain mail (worn)
 o - a +0 pair of gloves (worn)
 w - a +0 helmet (worn)
Magical Staves
 B - a staff of fire
Jewellery
 e - a +6 ring of dexterity (left hand)
 j - an amulet of faith (around neck)
 m - a ring of wizardry
 t - a ring of protection from fire (right hand)
Scrolls
 f - 3 scrolls of teleportation {unknown}
 g - 2 scrolls of identify {unknown}
 h - a scroll of noise {unknown}
 i - a scroll of vulnerability {unknown}
 n - a scroll of torment {unknown}
 p - a scroll of enchant weapon {unknown}
 u - a scroll of immolation {unknown}
 x - a scroll of magic mapping {unknown}
Potions
 c - a potion of ambrosia
 l - a potion of might
 r - a potion of attraction
 z - a potion of flight {unknown}
 A - a potion of degeneration {unknown}


   Skills:
 + Level 5.0 Fighting
 * Level 8.2 Axes
 + Level 3.2 Armour
 + Level 2.7 Dodging
 + Level 2.0 Stealth


You had 6 spell levels left.
You didn't know any spells.
Your spell library contained the following spells:

 Spells                   Type           Power      Damage    Failure   Level
 Beastly Appendage        Tmut           0%         N/A       100%        1
 Wereblood                Tmut           0%         N/A       100%        2
 Spider Form              Tmut/Pois      0%         N/A       100%        3


Dungeon Overview and Level Annotations

Branches:
Dungeon (4/15)
 Temple: D:4-7

Altars:
Yredelemnul
Zin
The Shining One

Annotations:
D:6 Edmund


Innate Abilities, Weirdness & Mutations

You are agile. (Dex +2)
You possess an exceptional clarity of mind.
You are resistant to electric shocks. (rElec)


Message History

There is an entrance to a sewer on this level.
Hurry and find it before the portal rusts away!
Edmund, 3 yaks and a phantom come into view.
Edmund is wielding a +4 flail of draining.
Edmund shouts!
The yak bellows! x3
It was a potion of heal wounds.
You feel much better. The yak closely misses you.
It was a potion of attraction.
You feel attractive to monsters. The yak gores you but does no damage.
The yak gores you.
Edmund hits you with a +4 flail of draining!
You feel drained.
It was a potion of mutation.
You feel extremely strange.
You feel agile.
Your thoughts seem clearer.
You feel insulated.
The yak gores you. x2; The yak barely misses you.
Edmund closely misses you.
It was a potion of might.
You feel very mighty all of a sudden. The yak gores you.
Edmund hits you with a +4 flail of draining!
You feel drained.
The phantom hits you but does no damage.
The yak gores you. The yak completely misses you.
You slice the yak!!
The yak is heavily wounded.
You hit Edmund but do no damage. You closely miss the yak. You slash the yak!
You barely miss the phantom. The yak gores you! The yak gores you.
* * * LOW HITPOINT WARNING * * *
Edmund hits you with a +4 flail of draining!
* * * LOW HITPOINT WARNING * * *
You feel drained.
* * * LOW HITPOINT WARNING * * *
The yak barely misses you. The phantom barely misses you.
It was a potion of berserk rage.
A red film seems to cover your vision as you go berserk!
You feel yourself moving faster!
You feel mighty!
The phantom hits you but does no damage.
The yak gores you!
* * * LOW HITPOINT WARNING * * *
The yak gores you but does no damage. The yak closely misses you.
Edmund hits you with a +4 flail of draining!
You die... .≈≈ ≈P≈≈PP♣♣PP# .PP

P.≈≈P≈♣PP# .P≈≈
P...P≈≈≈≈#
PP♣≈≈#....P≈PP#
≈P≈P≈#....P≈♣.#
PP≈PP.....P≈≈P#
≈≈P≈...Y..≈P≈P#
#...@Y...PP#
#..WY@.....#
##......####
#......#
.......#
........#
.........#
+###......#


You could see Edmund, 3 yaks and a phantom.

Vanquished Creatures
  A water moccasin (D:4)
  A phantom (D:4)
  A necrophage (D:3)
  A hound (D:4)
  Natasha (thrice) (D:2)
  2 orc wizards (D:3)
  4 adders
  A shadow imp (D:4)
  A worm (D:3)
  A dart slug (D:2)
  6 orcs
  4 endoplasms
  2 giant cockroaches
  4 goblins
  8 hobgoblins
  4 kobolds
  4 quokkas
  2 ball pythons
  6 bats
  3 frilled lizards (D:2)
  2 rats
61 creatures vanquished.

Notes
Turn   | Place    | Note
-------+----------+-------------------------------------------
     0 | D:1      | gzilladon the Hill Orc Monk began the quest for the Orb.
     0 | D:1      | Reached XP level 1. HP: 19/19 MP: 1/1
   464 | D:1      | Reached XP level 2. HP: 25/27 MP: 2/2
  1195 | D:2      | Found a glowing silver altar of Zin.
  1484 | D:2      | Reached XP level 3. HP: 31/33 MP: 3/3
  2107 | D:2      | Reached skill level 5 in Axes
  2238 | D:2      | Noticed Natasha
  2244 | D:2      | Killed Natasha
  2245 | D:2      | Reached XP level 4. HP: 41/41 MP: 4/4
  2755 | D:2      | Noticed Natasha
  2778 | D:2      | Killed Natasha
  2779 | D:2      | Reached skill level 1 in Armour
  2947 | D:2      | Noticed Natasha
  2987 | D:2      | Killed Natasha
  2988 | D:2      | Reached XP level 5. HP: 8/47 MP: 5/5
  3375 | D:3      | Reached skill level 6 in Axes
  3743 | D:3      | Found a basalt altar of Yredelemnul.
  3762 | D:3      | Found a glowing golden altar of the Shining One.
  4293 | D:3      | Reached XP level 6. HP: 39/53 MP: 6/6
  4899 | D:4      | Reached skill level 7 in Axes
  5017 | D:4      | Noticed a water moccasin
  5032 | D:4      | Killed a water moccasin
  5033 | D:4      | Reached skill level 5 in Fighting
  5033 | D:4      | Reached skill level 8 in Axes
  5033 | D:4      | Reached XP level 7. HP: 5/61 MP: 7/7
  5597 | D:4      | You fall into a shaft and drop 2 floors!
  5597 | D:6      | Noticed Edmund
  5597 | D:6      | Noticed a yak
  5597 | D:6      | Noticed a yak
  5597 | D:6      | Noticed a yak
  5600 | D:6      | Gained mutation: You are agile. (Dex +2) [potion of
                  | mutation]
  5600 | D:6      | Gained mutation: You possess an exceptional clarity of
                  | mind. [potion of mutation]
  5600 | D:6      | Gained mutation: You are resistant to electric shocks.
                  | (rElec) [potion of mutation]
  5603 | D:6      | HP: 1/82 [yak (7)]
  5603 | D:6      | Mangled by Edmund

Illustrated notes

Levels and vault maps discovered:
D:1:      dpeg_arrival_stonehenge_12_columns, layout_basic
D:2:      layout_basic, basic_altar, uniq_natasha
D:3:      layout_basic, yredelemnul_altar_generic, mainiacjoe_overflow_paths,
          nzn_hepliaklqana_mist_gate, kennysheep_generic_room_16
D:4:      layout_loops_ring, zin_treasury
D:6:      layout_gridville, minmay_temple_entry_sparse_star, serial_bayou,
          serial_bayou_pond_e, serial_bayou_pond_e, serial_bayou_lagoon_a,
          serial_bayou_pond_b, serial_bayou_crossing, portal_sewer_entry_a,
          minmay_misc_feat_ornament, uniq_maggie, uniq_edmund

Skill      XL: |  1  2  3  4  5  6 |
---------------+-------------------+-----
Fighting       | 4 5 |  5.0
Axes           | 5 6 8 |  8.2
Armour         | 2 3 |  3.2
Stealth        | 2 |  2.0
Dodging        | |  2.7

Action                   |  1- 3 |  4- 6 |  7- 9 || total
-------------------------+-------+-------+-------++-------
Melee: Hand axe          |   106 |   132 |       ||   238
       Punch             |     2 |       |     1 ||     3
       War axe           |       |    32 |    30 ||    62
  Use: Potion            |       |       |     5 ||     5
 Stab: Sleeping          |     1 |       |       ||     1
Armor: Robe              |    11 |       |       ||    11
       Chain mail        |    48 |    87 |    22 ||   157
Dodge: Dodged            |    67 |    63 |    21 ||   151

Table legend: (Time is in decaauts)
 A = Elapsed time spent in this place.
 B = Non-inter-level travel time spent in this place.
 C = Inter-level travel time spent in this place.
 D = Time resting spent in this place.
 E = Time spent auto-exploring this place.
 F = Levels seen in this place.
 G = Mean time per level.
                   A        B        C        D        E       F      G
               +--------+--------+--------+--------+--------+-----+--------+
         Total |   5643 |   5163 |    480 |   1996 |      0 |   5 | 1128.6 |
       Dungeon |   5643 |   5163 |    480 |   1996 |      0 |   5 | 1128.6 |
               +--------+--------+--------+--------+--------+-----+--------+

Top non-repeatable levels by time:
     D:2: 2125 daAuts
     D:3: 1354 daAuts
     D:1: 1165 daAuts
     D:4: 991 daAuts
     D:6: 5 daAuts
